Map: Central Protocol

Players

Miszu

  • Race: Terran Terran
  • League: Master

IIIIIIIIIIII - Winner!

  • Race: Zerg Zerg
  • League: Grandmaster

VOD

Have the link to the VOD?

Description

Time

  • Played on: March 21, 2016, 5:47 p.m.
  • Length: 9:10
Show
View Real Time Build Order
Export as new Build Order

Miszu Terran 

Build Orders: MMM Bio 

Get SALT Encoding   

  12  0:01  SCV  
  13  0:13  SCV  
  14  0:18  Supply Depot  
  14  0:25  SCV  
  15  0:40  SCV  
  15  0:42  Barracks  
  16  0:46  Refinery  
  16  0:52  SCV  
  17  1:01  Barracks  
  17  1:04  SCV  
  18  1:16  SCV  
  19  1:20  Barracks  
  19  1:28  SCV  
  19  1:31  Refinery  
  20  1:34  Reaper  
  21  1:43  Supply Depot  
  21  1:48  Reaper  
  22  2:01  Orbital Command  
  22  2:06  Reaper  
  23  2:10  Reaper  
  24  2:23  Supply Depot  
  24  2:24  Reaper  
  24  2:29  SCV  
  26  2:38  Reaper  
  26  2:41  SCV  
  27  2:52  Reaper  
  27  2:53  SCV  
  27  2:56  Reaper  
  30  3:05  SCV  
  31  3:14  Command Center  
  31  3:18  SCV  
  32  3:29  Barracks Reactor, Barracks Tech Lab  
  32  3:32  SCV  
  33  3:36  Barracks Tech Lab  
  33  3:38  Factory  
  33  3:44  SCV  
  34  3:54  Marine x2  
  36  4:00  Stimpack  
  37  4:02  SCV  
  37  4:09  Bunker  
  37  4:11  Marine x2  
  39  4:26  Marine x2, SCV  
  39  4:29  Marine x2, Orbital Command  
  44  4:38  SCV  
  45  4:43  Marine x2  
  47  4:47  Marine  
  47  4:50  SCV  
  39  5:02  SCV  
  39  5:04  Marine x2  
  39  5:05  Marine x2  
  35  5:14  SCV  
  36  5:22  Marine x2  
  29  5:40  Marine x2  
  31  5:46  Marine  
  32  5:52  Marine  
  32  5:55  SCV x2  
  35  5:58  Marine x2  
  37  6:05  Widow Mine  
  37  6:06  Bunker  
  37  6:07  SCV  
  37  6:10  Marine  
  41  6:15  Supply Depot  
  41  6:22  Supply Depot  
  40  6:29  SCV x2  
  33  6:40  Marine x3  
  33  6:41  SCV x2  
  38  6:53  SCV x2  
  38  6:54  Marine  
  40  6:55  Starport  
  40  6:56  Factory Reactor  
  40  6:57  Combat Shields  
  40  6:58  Marine  
  42  7:05  SCV x2  
  39  7:17  SCV  
  39  7:21  Marine x4  
  41  7:23  SCV  
  41  7:29  SCV  
  43  7:38  SCV  
  43  7:39  Marine x4, Factory Tech Lab  
  43  7:40  Medivac x2  
  43  7:44  SCV  
  53  7:50  SCV  
  54  7:56  Marine x2, SCV  
  54  7:57  Marine  
  58  7:59  Engineering Bay  
  58  8:01  Refinery  
  58  8:02  SCV  
  57  8:10  Marine  
  45  8:14  Marine x2  
  45  8:19  Marine  
  31  8:28  Marine  
  31  8:32  Marine  
  32  8:39  Marine  
  32  8:40  Marine  
  32  8:46  Marine  
Show
View Real Time Build Order
Export as new Build Order

IIIIIIIIIIII Zerg - Winner!

Build Orders: Pool First 

Get SALT Encoding   

  12  0:01  Drone  
  13  0:12  Overlord  
  13  0:17  Drone  
  14  0:30  Drone x2  
  14  0:34  Drone  
  17  0:41  Extractor  
  16  0:45  Drone  
  17  0:52  Spawning Pool  
  17  0:56  Drone  
  17  1:06  Drone  
  18  1:24  Hatchery  
  17  1:39  Zergling x2, Queen  
  20  1:42  Metabolic Boost  
  20  1:55  Roach Warren  
  20  1:57  Drone  
  20  2:01  Drone  
  21  2:04  Drone  
  22  2:12  Overlord  
  22  2:34  Roach  
  22  2:35  Roach  
  26  2:45  Roach x2  
  26  2:47  Overlord  
  26  2:48  Roach  
  31  2:53  Roach  
  31  2:54  Roach  
  35  3:03  Overlord  
  35  3:05  Zergling x2  
  36  3:11  Zergling x4  
  38  3:20  Ravager  
  38  3:21  Zergling x4  
  38  3:22  Zergling x2  
  42  3:27  Zergling x2  
  42  3:29  Zergling x2  
  42  3:33  Zergling x2  
  45  3:39  Zergling x2  
  45  3:40  Zergling x2  
  47  3:53  Zergling x2, Roach x2  
  49  3:56  Zergling x2  
  49  3:58  Zergling x2  
  49  4:01  Zergling x2  
  52  4:08  Overlord  
  52  4:17  Overlord  
  51  4:23  Overlord  
  51  4:26  Ravager  
  51  4:28  Zergling x2  
  51  4:29  Zergling x2  
  54  4:32  Ravager  
  54  4:37  Zergling x4  
  54  4:53  Zergling x2  
  54  4:56  Zergling x4  
  47  5:00  Zergling x2  
  47  5:03  Zergling x2  
  47  5:06  Zergling x2  
  47  5:07  Zergling x2  
  42  5:15  Roach  
  42  5:18  Roach  
  46  5:25  Roach x2  
  49  5:33  Roach  
  45  5:37  Roach  
  45  5:39  Zergling x2  
  45  5:40  Zergling x4  
  45  5:41  Zergling x2  
  45  5:50  Zergling x2  
  45  5:55  Zergling x2  
  47  5:58  Ravager  
  47  6:00  Zergling x2  
  49  6:05  Zergling x2  
  49  6:09  Zergling x2  
  51  6:11  Zergling x4  
  51  6:12  Zergling x2  
  51  6:13  Zergling x2  
  55  6:25  Zergling x2  
  51  6:26  Zergling x2  
  46  6:35  Zergling x2  
  46  6:38  Zergling x2  
  46  6:39  Zergling x2  
  45  6:40  Zergling x4  
  47  6:48  Baneling Nest  
  47  6:50  Zergling x8  
  47  6:54  Zergling x2  
  51  6:57  Zergling x2  
  51  7:00  Zergling x2  
  53  7:03  Roach  
  47  7:19  Ravager  
  47  7:26  Zergling x8  
  47  7:27  Zergling x4  
  52  7:32  Baneling x2  
  52  7:33  Baneling x2  
  52  7:37  Zergling x4  
  52  7:44  Zergling x2, Baneling  
  55  7:48  Zergling x2  
  56  7:51  Zergling x2  
  56  7:52  Zergling x2  
  56  7:55  Zergling x2  
  59  7:58  Baneling  
  55  8:08  Zergling x2  
  48  8:14  Zergling x4  
  48  8:15  Zergling x2  
  48  8:16  Zergling x2  
  46  8:20  Zergling x2  
  46  8:23  Zergling x2  
  45  8:29  Zergling x2  
  45  8:34  Zergling x4  
  44  8:38  Zergling x2  
  44  8:46  Zergling x4  
  46  8:51  Zergling x2  
Tags
 
Add a new tag
Caveats
  • Supply blocks, unpowered buildings, or Contaminate may cause inaccurate times.
  • Supply counts are checked every 10 seconds.